 Dungeon Crawl Stone Soup version 0.21-a0-508-gf08a75f26b (webtiles) character file.

82 MrRokkomies the Slasher (level 4, -4/37 HPs)
             Began as a Barachi Skald on Nov 28, 2017.
             Blown up by Ijyb (19 damage)
             ... with a wand of disintegration (12)
             ... on level 3 of the Dungeon.
             The game lasted 00:03:01 (1641 turns).

MrRokkomies the Slasher (Barachi Skald)             Turns: 1641, Time: 00:03:02

Health: -4/37      AC:  3    Str: 13    XL:     4   Next: 43%
Magic:  7/7        EV: 12    Int: 14    God:
Gold:   97         SH:  0    Dex: 11    Spells: 2/7 levels left

rFire    . . .     SeeInvis .   a - +0 falchion
rCold    . . .     Gourm    .   (no shield)
rNeg     . . .     Faith    .   b - +0 leather armour
rPois    .         Spirit   .   (no helmet)
rElec    .         Reflect  .   (no cloak)
rCorr    .         Harm     .   (no gloves)
MR       .....                  (no boots)
Stlth    +.........             (no amulet)
HPRegen  0.12/turn              j - +4 ring of slaying
MPRegen  0.10/turn              (no ring)

@: slow
A: +LOS, swims, slowness 1, strong legs 1
a: Hop


You were on level 3 of the Dungeon.
You were very hungry.

You visited 1 branch of the dungeon, and saw 3 of its levels.

You collected 97 gold pieces.

Inventory:

Hand Weapons
 a - a +0 falchion (weapon)
Missiles
 f - 21 poisoned needles
Armour
 b - a +0 leather armour (worn)
Jewellery
 j - a +4 ring of slaying (left hand)
Potions
 e - a potion of lignification
 g - a potion of agility {unknown}
 k - 2 potions of brilliance {unknown}
 l - a potion of heal wounds {unknown}
Books
 c - a book of Battle

   Spells                             Type                      Level
   a - Infusion                       Charms                       1
   b - Shroud of Golubria             Charms/Translocation         2
   c - Song of Slaying                Charms                       2
   d - Spectral Weapon                Hexes/Charms                 3
   e - Regeneration                   Charms/Necromancy            3
Comestibles
 d - 2 bread rations
 h - a meat ration
 o - 5 fruits


   Skills:
 * Level 4.2 Fighting
 * Level 4.2 Long Blades
 - Level 1.2 Armour
 - Level 2.1 Dodging
 - Level 2.1 Spellcasting
 - Level 3.2 Charms


You had 2 spell levels left.
You knew the following spells:

 Your Spells              Type           Power        Failure   Level  Hunger
a - Infusion              Chrm           ##..         8%          1    #......
b - Shroud of Golubria    Chrm/Tloc      #.........   22%         2    ###....
c - Song of Slaying       Chrm           ##......     12%         2    ###....


Dungeon Overview and Level Annotations

Branches:
Dungeon (3/15)

Altars:
Fedhas

Annotations:
D:3 Ijyb


Innate Abilities, Weirdness & Mutations

Shadows flee at your approach. (+LOS)
You can swim through water.
You cover ground slowly.
You can hop short distances.


Message History

It is a wand of disintegration (13).
You hit Ijyb but do no damage.
Ijyb is moderately wounded.
Ijyb hits you but does no damage.
You slash Ijyb!
Ijyb is severely wounded.
Ijyb zaps a wand.
You are blasted!
* * * LOW HITPOINT WARNING * * *
Ijyb barely misses you.
You miss Ijyb.
Ijyb is severely wounded.
You are feeling very hungry.
Ijyb closely misses you.
You riposte.
You hit Ijyb.
Ijyb is severely wounded.
You feel better.
You completely miss Ijyb.
Ijyb is severely wounded.
Ijyb zaps a wand.
You are blasted!
Ouch! That really hurt!
You die...

##.....## #.......#
#.......## #........#
#####........#
..##........# #
#.##.##....#
#.##.#....<...#.#
#.(....?@).......
####<#...g.......
#.......#..#...#...
.....#####.#.#.##..##
### ###.# # .# #.. .#
##.. ... ...#


You could see Ijyb.

Vanquished Creatures
  4 adders (D:2)
  A worm (D:2)
  3 dart slugs
  2 giant cockroaches
  8 goblins
  2 hobgoblins
  2 jackals (D:2)
  5 bats
  A frilled lizard (D:2)
  6 kobolds
  5 rats
39 creatures vanquished.

Notes
Turn   | Place    | Note
-------+----------+-------------------------------------------
     0 | D:1      | MrRokkomies the Barachi Skald began the quest for the Orb.
     0 | D:1      | Reached XP level 1. HP: 17/17 MP: 3/3
   152 | D:1      | Reached XP level 2. HP: 11/24 MP: 0/5
   659 | D:1      | Learned a level 2 spell: Shroud of Golubria
   662 | D:1      | Learned a level 2 spell: Song of Slaying
   683 | D:2      | Reached XP level 3. HP: 21/29 MP: 6/6
   949 | D:2      | Reached XP level 4. HP: 25/37 MP: 7/7
  1201 | D:2      | Found a faded altar of an unknown god.
  1352 | D:2      | Found a blossoming altar of Fedhas.
  1629 | D:3      | Noticed Ijyb
  1641 | D:3      | Blown up by Ijyb

Vault maps used:
D:1:      minmay_arrival_semitransparent
D:2:      fedhas_altar_fruit_tree, first_bread, chequers_ecumenical_altar_lobes,
          fountainhead
D:3:      nicolae_overflow_hidden_temple, grunt_decor_fettered, uniq_ijyb

Skill      XL: |  1  2  3  4 |
---------------+-------------+-----
Fighting       | 3 4 |  4.2
Long Blades    | 3 4 |  4.2
Armour         | |  1.2
Dodging        | |  2.1
Spellcasting   | |  2.1
Charms         | |  3.2

Action                   |  1- 3 |  4- 6 || total
-------------------------+-------+-------++-------
Melee: Falchion          |    61 |    34 ||    95
 Cast: Infusion          |     1 |       ||     1
  Use: Scroll            |     4 |     2 ||     6
       Potion            |       |     1 ||     1
  Eat: Chunk             |       |     2 ||     2
Armor: Leather armour    |    14 |     8 ||    22
Dodge: Dodged            |    51 |    33 ||    84
       Rpst.: Falchion   |    18 |    11 ||    29

Table legend:
 A = Spawn XP
 B = Non-spawn XP
 C = Spawn XP percentage of total XP
 D = Spawn monster count
 E = Non-spawn monster count
 F = Spawn count percentage of total count
 G = Total turns spent on level
                    A         B        C        D         E        F      G
               +---------+---------+-------+---------+---------+-------+---------
         Total |       0 |     118 |   0.0 |       0 |      39 |   0.0 |  1641
               +---------+---------+-------+---------+---------+-------+---------
           D:1 |       0 |      33 |   0.0 |       0 |      18 |   0.0 |   671
           D:2 |       0 |      84 |   0.0 |       0 |      20 |   0.0 |   957
           D:3 |       0 |       1 |   0.0 |       0 |       1 |   0.0 |    13
               +---------+---------+-------+---------+---------+-------+---------
